Map: Jagannatha LE

Players

DRG

  • Race: Zerg Zerg
  • Spawn Location: 7:00

soul - Winner!

  • Race: Terran Terran
  • Spawn Location: 1:00

Event: StayAtHome Story Cup #3

VOD

Have the link to the VOD?

Description

Time

  • Played on: March 12, 2021, 9:50 a.m.
  • Length: 24:47

All games in this series

Show
View Real Time Build Order
Export as new Build Order

DRG Zerg 

Build Orders: Hatch First, Lurkers 

Get SALT Encoding   

  12  0:00  Drone  
  13  0:13  Overlord  
  13  0:17  Drone  
  14  0:31  Drone x2  
  16  0:48  Hatchery  
  15  0:51  Drone  
  15  0:55  Drone  
  17  0:58  Drone  
  18  1:08  Extractor  
  17  1:14  Spawning Pool  
  17  1:17  Drone  
  17  1:20  Drone  
  18  1:28  Drone  
  20  1:40  Drone  
  20  1:50  Drone  
  21  2:00  Queen  
  21  2:01  Queen, Zergling x4  
  27  2:11  Overlord  
  27  2:12  Drone  
  28  2:21  Hatchery  
  27  2:26  Drone  
  28  2:31  Drone  
  28  2:32  Drone  
  28  2:35  Drone  
  31  2:39  Queen  
  33  2:45  Metabolic Boost  
  33  2:50  Overlord  
  33  2:53  Drone  
  33  2:55  Drone  
  33  2:57  Drone  
  36  3:05  Overlord  
  36  3:10  Drone  
  36  3:11  Drone x2  
  36  3:12  Drone  
  40  3:15  Drone  
  40  3:18  Queen  
  43  3:21  Drone  
  44  3:28  Drone  
  44  3:33  Queen  
  44  3:34  Overlord  
  47  3:35  Drone  
  47  3:40  Drone x2  
  50  3:42  Zergling x4  
  50  3:45  Drone  
  50  3:46  Drone  
  50  3:47  Drone  
  55  3:49  Drone  
  55  3:54  Queen  
  58  3:59  Overlord  
  58  4:00  Drone  
  58  4:02  Zergling x2  
  60  4:04  Overlord  
  60  4:06  Drone x3  
  63  4:11  Queen  
  63  4:13  Overlord  
  63  4:15  Drone  
  66  4:19  Drone x3  
  66  4:22  Overlord  
  69  4:25  Lair  
  69  4:28  Drone x2  
  71  4:33  Zergling x4  
  71  4:36  Drone x2  
  71  4:37  Drone x3  
  78  4:41  Extractor, Roach Warren  
  78  4:43  Extractor  
  78  4:44  Drone x2  
  77  4:46  Zergling x2  
  77  4:49  Drone x3  
  77  4:52  Drone x3  
  84  4:55  Spore Crawler  
  84  4:56  Spore Crawler  
  84  4:57  Spore Crawler  
  84  4:58  Drone  
  82  5:00  Drone  
  82  5:03  Overlord  
  83  5:07  Drone x2, Evolution Chamber  
  83  5:08  Extractor, Evolution Chamber  
  83  5:09  Extractor  
  83  5:11  Drone x3  
  83  5:15  Drone  
  83  5:17  Drone  
  83  5:18  Drone  
  86  5:22  Extractor  
  86  5:23  Drone x4, Glial Reconstitution  
  86  5:26  Drone x3  
  92  5:31  Overlord  
  92  5:33  Zerg Missile Weapons Level 1  
  92  5:36  Zerg Ground Armor Level 1  
  92  5:40  Overlord  
  91  5:54  Hatchery, Overseer  
  88  5:58  Roach x7  
  102  6:08  Roach x6  
  111  6:14  Roach x4  
  111  6:16  Drone  
  116  6:21  Roach x2  
  116  6:38  Roach x4  
  120  6:47  Overlord x3  
  120  6:52  Overlord  
  120  7:00  Overseer  
  120  7:01  Ravager x2  
  121  7:04  Overlord  
  121  7:07  Ravager x6  
  127  7:09  Roach  
  127  7:10  Drone x2  
  127  7:11  Drone x9  
  140  7:17  Roach x4  
  130  7:31  Roach x6  
  130  7:35  Ravager x2  
  130  7:36  Roach x2  
  140  7:41  Roach x3  
  140  7:42  Overseer  
  146  7:53  Roach x7  
  160  8:04  Roach x2  
  160  8:05  Overseer  
  154  8:09  Roach x5  
  147  8:13  Roach x2  
  147  8:19  Zerg Missile Weapons Level 2  
  151  8:21  Drone x7  
  158  8:28  Infestation Pit  
  158  8:30  Hydralisk Den  
  158  8:32  Drone x3  
  158  8:33  Drone  
  160  8:38  Overlord  
  160  8:41  Overlord  
  160  8:43  Overlord  
  160  8:45  Zerg Ground Armor Level 2  
  160  8:50  Extractor  
  160  8:52  Drone  
  160  8:53  Extractor  
  159  8:56  Queen  
  159  8:57  Spore Crawler  
  159  8:59  Overlord  
  159  9:02  Lurker Den  
  159  9:05  Hive  
  159  9:08  Drone x3  
  159  9:09  Drone x2  
  164  9:14  Overlord x2  
  164  9:21  Overlord  
  164  9:27  Hydralisk x5  
  174  9:33  Spore Crawler  
  174  9:37  Roach x4  
  181  9:44  Roach  
  181  9:45  Roach x3  
  188  9:57  Roach x2  
  188  9:58  Roach  
  194  10:05  Spore Crawler  
  191  10:18  Seismic Spines, Spore Crawler x2  
  191  10:21  Lurker x5  
  194  10:22  Viper x2  
  200  10:34  Spore Crawler  
  190  10:36  Hatchery  
  190  10:37  Roach x6  
  190  10:42  Roach x7  
  199  10:44  Grooved Spines  
  199  10:48  Zergling x6  
  195  11:07  Ravager  
  195  11:09  Drone x5  
  185  11:15  Adaptive Talons, Hydralisk  
  185  11:16  Hydralisk  
  182  11:25  Zerg Missile Weapons Level 3  
  176  11:27  Roach x5  
  176  11:31  Roach x2  
  174  11:33  Hatchery  
  174  11:39  Hydralisk  
  167  11:40  Hydralisk  
  171  11:48  Roach x2  
  171  11:52  Roach x6  
  187  11:55  Muscular Augments  
  187  11:59  Drone x2  
  187  12:00  Drone x3  
  190  12:02  Extractor  
  189  12:14  Lurker x2  
  189  12:19  Hatchery  
  189  12:20  Hydralisk x2  
  192  12:26  Overlord  
  171  12:42  Hydralisk x3  
  171  12:43  Hydralisk  
  156  12:52  Lurker x3  
  156  12:55  Viper x2  
  156  12:57  Roach x5  
  172  13:00  Drone x6  
  172  13:04  Drone x3  
  181  13:15  Drone x8  
  181  13:19  Lurker  
  190  13:21  Lurker x3  
  193  13:28  Drone x2  
  193  13:32  Spore Crawler x2  
  193  13:33  Drone  
  193  13:34  Drone, Spore Crawler  
  196  13:40  Hydralisk x2  
  197  13:50  Hydralisk  
  199  13:57  Zerg Ground Armor Level 3  
  198  14:12  Drone x2  
  198  14:19  Queen  
  200  14:27  Overseer  
  200  14:30  Zerg Melee Weapons Level 1  
  200  14:35  Hydralisk  
  199  14:43  Drone  
  200  14:45  Spore Crawler x2  
  200  14:48  Hydralisk  
  200  15:01  Hatchery  
  198  15:07  Lurker  
  198  15:08  Zergling x4  
  166  15:30  Hydralisk x6  
  166  15:33  Overseer x2  
  166  15:35  Hydralisk x7  
  133  15:37  Hydralisk x5  
  133  15:38  Hydralisk x5  
  165  15:49  Hatchery  
  149  15:50  Roach x4  
  153  16:00  Hatchery, Viper  
  153  16:02  Hydralisk x2  
  159  16:08  Drone x2  
  161  16:16  Hydralisk x4  
  169  16:24  Hydralisk  
  169  16:25  Hydralisk  
  171  16:26  Drone  
  171  16:27  Drone  
  173  16:42  Overlord x2  
  173  16:44  Overlord  
  173  16:46  Drone  
  174  16:48  Lurker x11  
  174  16:52  Zergling x2  
  186  16:54  Overlord  
  186  17:01  Hatchery  
  181  17:14  Zergling x12  
  178  17:26  Viper x2  
  178  17:28  Lurker  
  178  17:29  Zergling x2  
  176  17:30  Zergling x2  
  176  17:35  Zergling x6  
  179  17:43  Zergling x4  
  178  17:51  Hydralisk  
  173  17:58  Extractor, Hydralisk x4  
  169  18:01  Overseer x2  
  169  18:04  Lurker  
  174  18:14  Overseer  
  174  18:15  Extractor  
  174  18:16  Hydralisk x2  
  174  18:19  Drone x5  
  164  18:20  Drone x3  
  164  18:21  Extractor  
  164  18:24  Overseer  
  166  18:30  Hydralisk  
  166  18:31  Hydralisk  
  166  18:33  Zergling x8  
  174  18:41  Zergling x12  
  174  18:46  Drone  
  174  18:47  Overseer x2  
  179  18:49  Extractor, Lurker  
  179  18:50  Lurker  
  179  18:51  Zergling x8  
  184  18:55  Zergling x4  
  186  19:09  Zergling x6  
  196  19:10  Zergling x14  
  183  19:18  Zergling x8  
  183  19:19  Zergling x2  
  186  19:24  Drone x3  
  186  19:28  Overseer  
  189  19:39  Pneumatized Carapace  
  189  19:40  Overseer x4  
  189  19:43  Lurker  
  189  19:44  Lurker  
  191  19:47  Hatchery  
  190  19:55  Zergling x14  
  190  19:59  Zergling x4  
  188  20:25  Zergling x2  
  188  20:26  Zergling x20  
  167  20:30  Overseer  
  167  20:35  Overseer x3  
  163  20:36  Hydralisk x4  
  171  20:54  Zergling x14  
  171  20:55  Zergling x4  
  171  20:56  Overseer x4  
  172  21:08  Hydralisk x6  
  154  21:20  Zergling x20  
  147  21:30  Overseer x4  
  145  21:35  Hydralisk x5  
  146  21:42  Hydralisk x2  
  138  21:53  Lurker x2  
  140  21:56  Viper x2  
  140  21:58  Drone x5  
  140  22:00  Overseer x4  
  150  22:14  Hydralisk  
  150  22:15  Hydralisk x4  
  156  22:20  Overseer x3  
  156  22:27  Drone x6  
  156  22:28  Spore Crawler  
  157  22:30  Overseer x4  
  153  22:38  Hydralisk x3  
  142  22:45  Overseer x2  
  142  22:49  Lurker x7  
  149  22:53  Hydralisk  
  149  22:54  Overseer  
  151  23:02  Hydralisk x4  
  154  23:06  Drone x3  
  154  23:09  Overseer x10  
  154  23:10  Hydralisk x2  
  159  23:18  Hydralisk x2  
  163  23:25  Lurker x3  
  155  23:40  Hydralisk  
  150  23:48  Overseer x10  
  150  23:53  Hydralisk  
  121  24:10  Overseer x10  
  117  24:18  Zergling x2  
  117  24:19  Zergling x26  
  117  24:24  Zergling x4  
  98  24:30  Drone x2  
Show
View Real Time Build Order
Export as new Build Order

soul Terran - Winner!

Build Orders: Reaper Expand, Hellion Banshee 

Get SALT Encoding   

  12  0:00  SCV  
  13  0:12  SCV  
  14  0:17  Supply Depot  
  14  0:24  SCV  
  15  0:39  SCV  
  15  0:40  Barracks  
  16  0:46  Refinery  
  16  0:51  SCV  
  17  1:03  SCV  
  18  1:15  SCV  
  19  1:29  Reaper  
  19  1:30  Orbital Command  
  20  1:40  Command Center  
  20  1:51  Supply Depot  
  20  1:55  SCV  
  20  2:01  Marine  
  21  2:07  SCV  
  23  2:16  Factory  
  23  2:19  SCV  
  24  2:23  Barracks Reactor  
  24  2:32  SCV  
  25  2:39  Command Center  
  25  2:48  SCV  
  26  2:52  Orbital Command  
  26  3:00  SCV  
  26  3:02  Starport  
  27  3:06  Refinery  
  27  3:08  Hellion  
  29  3:14  Barracks Tech Lab, Hellion  
  29  3:17  SCV  
  32  3:20  SCV  
  33  3:29  SCV  
  33  3:32  SCV  
  33  3:33  Hellion  
  37  3:36  Hellion  
  39  3:41  SCV  
  39  3:44  SCV  
  39  3:47  Banshee  
  39  3:48  Barracks Tech Lab  
  44  3:54  SCV, Orbital Command  
  45  3:56  SCV  
  45  4:00  Hellion  
  45  4:02  Cloaking Field  
  48  4:05  Hellion  
  48  4:07  SCV  
  48  4:09  Marine  
  51  4:11  SCV  
  53  4:18  Supply Depot  
  53  4:19  SCV  
  53  4:20  SCV  
  55  4:26  SCV  
  55  4:27  Marine  
  55  4:29  Banshee  
  60  4:31  SCV  
  61  4:39  Stimpack  
  61  4:40  Hellion x2, Supply Depot  
  61  4:41  SCV  
  61  4:42  Supply Depot  
  61  4:43  SCV  
  67  4:49  Orbital Command  
  67  4:51  Refinery  
  67  4:53  SCV  
  67  4:55  SCV  
  69  5:01  Refinery  
  69  5:02  Marine  
  69  5:03  Supply Depot  
  69  5:06  SCV  
  71  5:07  Barracks  
  71  5:08  Factory Reactor  
  71  5:09  Barracks  
  71  5:10  SCV, Supply Depot  
  72  5:18  SCV  
  74  5:21  Engineering Bay x2  
  74  5:23  SCV  
  74  5:27  Barracks x2  
  74  5:29  SCV  
  74  5:30  Marine  
  74  5:32  SCV  
  74  5:33  Starport Reactor  
  77  5:36  SCV  
  77  5:40  Supply Depot  
  77  5:41  Supply Depot  
  78  5:47  SCV  
  79  5:52  SCV  
  79  5:57  Marine x3, Siege Tank  
  83  5:58  SCV  
  83  5:59  Terran Infantry Weapons Level 1  
  83  6:01  SCV  
  88  6:04  Marine  
  88  6:05  Marine  
  88  6:10  Medivac x2  
  94  6:14  Marine  
  94  6:15  Marine x2  
  94  6:18  Combat Shield  
  94  6:20  Bunker  
  94  6:22  Marine  
  94  6:23  Bunker, Marine x2  
  94  6:25  Bunker  
  97  6:26  Marine  
  97  6:28  Supply Depot x2  
  97  6:29  Siege Tank  
  97  6:32  Marine x3  
  90  6:40  Marine x3  
  90  6:43  SCV x3  
  90  6:44  Marine  
  90  6:45  Bunker, Medivac  
  90  6:46  Medivac  
  98  6:50  Marine  
  98  6:52  Terran Infantry Armor Level 1  
  99  6:55  SCV x3  
  99  6:56  Marine  
  99  7:00  Marine  
  104  7:01  Supply Depot  
  104  7:02  Supply Depot  
  104  7:05  Marine  
  104  7:07  SCV x3, Marine x3  
  111  7:11  Marine  
  111  7:14  Marine  
  113  7:15  Armory  
  113  7:16  Siege Tank  
  113  7:18  Marine  
  117  7:23  Marine  
  117  7:25  Marine x3  
  117  7:28  Marine  
  112  7:32  Marine  
  112  7:36  Marine  
  106  7:37  Medivac  
  106  7:40  Marine  
  106  7:42  Marine  
  106  7:43  Marine x2  
  112  7:46  Marine  
  112  7:48  Siege Tank  
  112  7:50  Orbital Command, Marine  
  113  7:54  Marine  
  113  7:56  SCV  
  110  7:58  Marine  
  110  8:00  Marine  
  110  8:04  SCV  
  105  8:08  SCV  
  105  8:11  Marine x4  
  101  8:16  SCV  
  101  8:18  SCV  
  103  8:20  SCV, Siege Tank  
  103  8:25  Terran Infantry Weapons Level 2  
  107  8:29  SCV  
  107  8:30  Barracks Reactor x2, SCV, Marine  
  107  8:31  Marine x3  
  107  8:33  SCV  
  114  8:40  Marine  
  114  8:41  SCV  
  116  8:42  SCV  
  116  8:45  SCV  
  118  8:48  Marine x4  
  118  8:49  Supply Depot  
  118  8:50  Supply Depot  
  118  8:52  Siege Tank  
  118  8:53  SCV  
  118  8:54  SCV  
  127  8:57  SCV  
  127  8:58  Marine  
  127  9:00  Medivac  
  131  9:06  Marine x2  
  133  9:14  Command Center  
  133  9:19  Marine x7  
  139  9:24  Marine x2  
  139  9:25  Siege Tank  
  139  9:30  Medivac x2  
  147  9:34  Supply Depot  
  147  9:35  Supply Depot  
  147  9:36  SCV  
  147  9:37  Marine x5  
  153  9:38  Refinery  
  153  9:39  Marine  
  153  9:40  Refinery  
  153  9:41  Marine, Supply Depot  
  153  9:42  Marine  
  156  9:47  Marine  
  157  9:54  Marine x2  
  157  9:55  Terran Infantry Armor Level 2, Marine  
  157  9:57  Siege Tank  
  163  10:00  Supply Depot  
  163  10:02  Marine x3  
  163  10:03  Supply Depot  
  163  10:04  Marine  
  163  10:05  Marine  
  163  10:06  Marine  
  168  10:12  Marine  
  168  10:13  Marine  
  169  10:22  Factory  
  169  10:24  Marine x2, Supply Depot  
  169  10:25  Supply Depot  
  171  10:29  Siege Tank  
  171  10:30  SCV x3  
  156  10:42  SCV  
  156  10:43  SCV x2, Liberator x2  
  164  10:50  Marine  
  162  11:01  Marine x5, Siege Tank  
  162  11:03  SCV  
  165  11:07  Marine x3  
  165  11:11  SCV  
  167  11:14  SCV  
  163  11:19  Marine  
  163  11:20  Factory Tech Lab, SCV  
  162  11:26  SCV, Medivac x2  
  162  11:28  Terran Infantry Weapons Level 3  
  162  11:32  Planetary Fortress  
  162  11:33  SCV, Siege Tank  
  157  11:41  Marine  
  157  11:42  SCV, Marine x2  
  157  11:44  Refinery  
  161  11:50  Refinery  
  161  11:55  Barracks x2  
  161  11:56  Barracks, Ghost Academy  
  161  11:57  Marine  
  161  12:00  Siege Tank  
  164  12:05  Siege Tank  
  163  12:17  Liberator  
  163  12:18  Liberator  
  163  12:22  SCV x2  
  167  12:26  Command Center  
  158  12:37  Siege Tank x2  
  158  12:40  Marauder  
  160  12:48  Marine x8  
  150  13:00  Barracks Tech Lab  
  150  13:01  Barracks Tech Lab  
  150  13:03  Viking x2  
  149  13:06  Marine x3  
  150  13:14  SCV, Barracks Tech Lab  
  150  13:16  Marine x3  
  150  13:17  Sensor Tower  
  150  13:19  SCV  
  157  13:21  Ghost x2  
  157  13:22  Ghost  
  157  13:25  Personal Cloaking  
  159  13:35  Sensor Tower  
  159  13:38  Viking x2  
  159  13:39  Planetary Fortress  
  163  13:44  Marauder  
  165  13:50  Ghost x2  
  165  13:53  Terran Infantry Armor Level 3  
  162  13:56  Siege Tank  
  162  14:00  Marauder, Marine  
  168  14:05  Marauder  
  168  14:10  Command Center  
  168  14:14  Marine, Siege Tank  
  172  14:19  Marauder x2  
  172  14:22  Marauder, Viking  
  172  14:23  Viking  
  176  14:27  Ghost  
  176  14:29  Siege Tank  
  176  14:31  Terran Vehicle Weapons Level 1  
  176  14:40  Ghost x2  
  176  14:42  Refinery x2, SCV x3  
  176  14:43  Marauder, Concussive Shells  
  185  14:52  Marine, Medivac  
  186  14:53  Orbital Command, Medivac  
  186  14:56  Marauder  
  188  15:03  Marine  
  188  15:05  Marauder, Marine  
  188  15:06  Marine  
  190  15:09  Marauder x2  
  194  15:17  Marauder, Marine  
  194  15:22  Medivac  
  194  15:26  Marauder  
  194  15:28  Marine  
  193  15:31  Marauder x2  
  193  15:34  Marine  
  176  15:38  Marine, Siege Tank  
  176  15:39  Marauder  
  176  15:42  Medivac  
  175  15:46  Marine  
  175  15:47  Marauder  
  161  15:52  Medivac  
  161  15:53  Marauder x2, Marine  
  164  15:58  Marine x6  
  164  16:00  Marauder  
  172  16:04  Marine  
  172  16:09  Marauder  
  172  16:11  Marine  
  168  16:12  Medivac  
  168  16:14  SCV, Marine x2  
  168  16:16  Marine x6  
  168  16:17  Refinery  
  169  16:21  Marauder  
  169  16:22  Medivac  
  169  16:23  Marine  
  166  16:26  Siege Tank  
  166  16:29  Marine  
  166  16:30  Marauder  
  172  16:33  Marauder x2, Marine  
  172  16:34  Marine x5  
  176  16:41  Marine  
  176  16:42  Medivac  
  176  16:43  Marauder  
  176  16:46  Marine  
  181  16:50  Planetary Fortress  
  181  16:51  Marine x3  
  181  16:52  SCV x3, Medivac  
  190  16:55  Ghost  
  192  17:04  SCV x3  
  195  17:11  Siege Tank  
  198  17:16  SCV x2  
  195  17:23  Ghost  
  195  17:25  Ghost x3  
  200  17:30  Marine  
  184  17:48  Siege Tank  
  184  17:49  Marine  
  188  18:01  Siege Tank  
  188  18:02  SCV  
  188  18:03  SCV  
  188  18:04  Refinery  
  188  18:05  Refinery  
  193  18:08  SCV  
  193  18:11  Command Center  
  194  18:15  SCV  
  194  18:16  SCV  
  194  18:19  Marauder, Marine x7  
  168  18:20  Marauder x3, Marine  
  171  18:27  SCV x2  
  173  18:37  Siege Tank  
  173  18:40  Ghost  
  173  18:41  Marauder x3  
  184  18:45  Siege Tank  
  184  18:47  Marine  
  188  18:59  Liberator x2  
  188  19:01  Ghost  
  188  19:02  Ghost x2  
  200  19:07  Marine x2  
  162  19:24  Starport  
  162  19:25  Starport, Fusion Core  
  162  19:28  Marine x6  
  162  19:30  Ghost x2  
  172  19:42  Medivac x2  
  176  19:53  Siege Tank  
  176  19:58  Marauder  
  181  20:02  Missile Turret  
  181  20:03  Starport Reactor x2  
  181  20:05  Sensor Tower  
  180  20:09  Terran Vehicle And Ship Armor Level 1  
  180  20:11  Advanced Ballistics  
  180  20:12  Medivac  
  182  20:15  Liberator  
  179  20:27  Marine  
  158  20:30  Ghost  
  152  20:41  Liberator, Siege Tank  
  153  20:43  Liberator x2  
  153  20:44  Liberator  
  162  20:53  Ghost  
  161  21:00  Liberator  
  156  21:09  Liberator  
  141  21:20  Marauder x3, Marine x8  
  141  21:22  Marauder  
  141  21:24  Liberator  
  135  21:38  Marine x8  
  141  21:47  Command Center  
  141  21:50  Siege Tank  
  144  21:55  Siege Tank  
  144  21:57  Ghost x3  
  144  21:59  Marauder, Marine x8  
  158  22:21  Marauder  
  160  22:25  Ghost  
  160  22:26  Ghost x2  
  166  22:30  Supply Depot  
  166  22:31  Supply Depot  
  166  22:32  Command Center  
  166  22:33  Command Center  
  166  22:41  Ghost  
  162  22:54  Ghost x3  
  162  22:56  Marine x7  
  162  22:57  Marine  
  176  23:10  Ghost  
  178  23:14  Marine x5  
  180  23:22  Ghost  
  180  23:23  Ghost x2  
  186  23:32  Siege Tank x2  
  182  23:44  Liberator  
  177  24:04  Medivac  
  177  24:05  Marine x8  
  182  24:10  Ghost  
  182  24:11  Ghost, Marine  
  182  24:15  Ghost  
  179  24:32  Refinery  
  179  24:37  Refinery  
Tags
 
Add a new tag
Caveats
  • Supply blocks, unpowered buildings, or Contaminate may cause inaccurate times.
  • Supply counts are checked every 10 seconds.